 Dungeon Crawl Stone Soup version 0.24.1-8-ga250c9d538 (webtiles) character file.

Game seed: 9950160794440808564, levelgen mode: deterministic

4256 Curus the Basher (level 10, -2/115 HPs)
             Began as a Minotaur Berserker on Apr 27, 2020.
             Was a High Priest of Trog.
             Slain by an orc warrior
             ... wielding a +0 halberd
              (12 damage)
             ... on level 9 of the Dungeon.
             The game lasted 00:31:43 (6762 turns).

Curus the Basher (Minotaur Berserker)               Turns: 6762, Time: 00:31:43

Health: -2/115     AC: 12    Str: 37 (38) XL:     10   Next: 10%
Magic:  9/9        EV: 10    Int:  4 (5)  God:    Trog [*****.]
Gold:   515        SH:  0    Dex: 13      Spells: 9/9 levels left

rFire    . . .     SeeInvis .   p - +4 great mace of Ascent {freeze, MR+++ Str+6 Int-2}
rCold    + . .     Gourm    .   (shield currently unavailable)
rNeg     + . .     Faith    +   n - +0 chain mail
rPois    .         Spirit   .   (helmet restricted)
rElec    .         Reflect  .   (no cloak)
rCorr    .         Harm     .   A - +1 pair of gloves "Voapips" {rC+ rN+}
MR       ++++.                  w - +0 pair of boots
Stlth    ..........             s - amulet of faith
HPRegen  0.29/turn              m - +3 ring of dexterity
MPRegen  0.11/turn              y - +5 ring of strength

@: berserking, very quick
A: retaliatory headbutt, horns 2, deterioration 1, magic resistance 1
a: Berserk, Trog's Hand, Brothers in Arms, Renounce Religion


You were on level 9 of the Dungeon.
You worshipped Trog.
Trog was extremely pleased with you.
You were very hungry.

You visited 1 branch of the dungeon, and saw 9 of its levels.
You also visited: Sewer.

You collected 515 gold pieces.

Inventory:

Hand Weapons
 a - a +1 hand axe
 p - the +4 great mace of Ascent (weapon) {freeze, MR+++ Str+6 Int-2}
   (You took it off an ogre on level 3 of the Dungeon)

   It has been specially enchanted to freeze those struck by it, causing extra
   injury to most foes and up to half again as much damage against particularly
   susceptible opponents.
   It can also slow down cold-blooded creatures.
   It affects your strength (+6).
   It affects your intelligence (-2).
   It affects your resistance to hostile enchantments.
 x - a +2 flail of protection
Armour
 b - a +0 animal skin
 e - a +1 leather armour
 g - a +0 ring mail
 n - a +0 chain mail (worn)
 w - a +0 pair of boots (worn)
 A - the +1 pair of gloves "Voapips" (worn) {rC+ rN+}
   (You acquired it on level 8 of the Dungeon)

   It protects you from cold.
   It protects you from negative energy.
Jewellery
 f - an uncursed ring of ice
 m - a +3 ring of dexterity (left hand)
 s - an amulet of faith (around neck)
 y - a +5 ring of strength (right hand)
Wands
 t - a wand of polymorph (9)
 v - a wand of random effects (13)
Scrolls
 d - 9 scrolls of identify
 h - 6 scrolls of teleportation
 j - 2 scrolls of noise
 k - 2 scrolls of amnesia
 u - a scroll of remove curse
Potions
 i - 2 potions of curing
 l - a potion of magic
 o - 3 potions of heal wounds
 q - a potion of flight
 r - a potion of might
 B - a potion of haste
Comestibles
 c - 19 rations
 z - a chunk of flesh


   Skills:
 - Level 3.6 Fighting
 - Level 11.8(14.0) Axes
 + Level 12.8(14.4) Maces & Flails
 - Level 2.4 Armour
 - Level 2.1 Dodging


You had 9 spell levels left.
You didn't know any spells.
Your spell library was empty.

Dungeon Overview and Level Annotations

Branches:
Dungeon (9/15)             Temple (0/1) D:6           Sewer (visited)
   Lair: D:8-11         Orc: D:9-12

Altars:
Cheibriados
Dithmenos
Fedhas
Gozag
Makhleb
Nemelex Xobeh
Okawaru
Sif Muna
Trog
Wu Jian
Xom

Shops:
D:5 (

Annotations:
D:9 Harold


Innate Abilities, Weirdness & Mutations

You reflexively headbutt those who attack you in melee.
You have a pair of horns on your head.
Your body sometimes deteriorates upon taking damage.
You are resistant to hostile enchantments. (MR+)


Message History

You hit Harold but do no damage. Your headbutt misses Harold.
Harold hits you with a +0 dire flail!
The orc warrior hits you from afar with a +0 halberd!!
* * * LOW HITPOINT WARNING * * *
Your body deteriorates!
You feel dopey.
A red film seems to cover your vision as you go berserk!
You feel yourself moving faster!
You feel mighty!
You are feeling very hungry.
Harold hits you with a +0 dire flail!
* * * LOW HITPOINT WARNING * * *
You thump Harold! You freeze Harold.
Harold is moderately wounded.
The orc warrior hits you from afar with a +0 halberd!!
* * * LOW HITPOINT WARNING * * *
Your body deteriorates!
You feel weakened.
You bludgeon Harold!! You freeze Harold. You headbutt Harold!
Harold is severely wounded.
Harold barely misses you.
The orc warrior hits you from afar with a +0 halberd!
You die...

#...(...# ##..#
##.#.######..##
#.#..#.....###
#.##.###.###
#.##..##.#####
#.###..#......
#.##.....##...
#######.#.......).[#
#)@@.............###
#o##................
#.?##..............#
#o..##...........#..
#o.#o##..........###
#...o####...........
#..o.o #........##.
#..o... #####...###
#..o..o# #..####


You could see Harold and an orc warrior.

Vanquished Creatures
  Pikel (D:5)
  The ghost of Ortigal the Slasher, an amateur DsAK of Lugonu (D:3)
  Grinder (D:3)
  Sigmund (D:3)
  5 yaks (D:9)
  Duvessa (D:4)
  An orc warrior (D:9)
  A sky beast (D:6)
  2 ogres (D:3)
  A phantom (D:5)
  3 centaurs
  A big kobold (Sewer)
  4 bullfrogs
  6 scorpions
  Dowan (D:4)
  2 crimson imps
  2 hounds
  3 jellies
  A centaur zombie (D:8)
  A centaur skeleton (D:8)
  2 orc priests
  8 orc wizards
  A bullfrog skeleton (D:7)
  4 iguanas
  7 worker ants
  A worker ant zombie (D:6)
  Robin (D:3)
  4 gnolls (D:7)
  6 adders
  9 worms
  2 adder skeletons (D:4)
  A dart slug (D:2)
  3 leopard geckos
  33 orcs
  8 giant cockroaches
  8 hobgoblins
  13 jackals
  3 quokkas
  3 ball pythons
  7 bats
  6 frilled lizards
  14 goblins
  A jackal skeleton (D:8)
  A jackal zombie (D:3)
  7 kobolds
  A leopard gecko zombie (D:7)
  A quokka zombie (D:8)
  12 rats
206 creatures vanquished.

Vanquished Creatures (others)
  A sky beast (D:5)
  A slave (D:5)
  Blork the orc (D:5)
3 creatures vanquished.

Grand Total: 209 creatures vanquished

Notes
Turn   | Place    | Note
-------+----------+-------------------------------------------
     0 | D:1      | Curus the Minotaur Berserker began the quest for the Orb.
     0 | D:1      | Reached XP level 1. HP: 19/19 MP: 0/0
   224 | D:1      | Reached XP level 2. HP: 26/26 MP: 1/1
   969 | D:2      | Reached skill level 5 in Axes
   982 | D:2      | Reached ** piety under Trog
   982 | D:2      | Reached XP level 3. HP: 14/31 MP: 2/2
  1606 | D:2      | Found a shimmering blue altar of Sif Muna.
  1908 | D:3      | Noticed Robin
  1913 | D:3      | Killed Robin
  1913 | D:3      | Reached XP level 4. HP: 33/39 MP: 3/3
  2427 | D:3      | Reached XP level 5. HP: 37/45 MP: 4/4
  2468 | D:3      | Reached *** piety under Trog
  2604 | D:3      | Noticed Sigmund
  2611 | D:3      | Noticed Grinder
  2614 | D:3      | Killed Sigmund
  2614 | D:3      | Reached XP level 6. HP: 33/51 MP: 5/5
  2625 | D:3      | Killed Grinder
  2895 | D:3      | Found a transporter.
  2895 | D:3      | Noticed Ortigal's ghost (amateur DsAK)
  2895 | D:3      | Identified the +4 great mace of Ascent {freeze, MR+++ Str+6
                  | Int-2}
  2897 | D:3      | Found a transporter.
  2991 | D:4      | Reached XP level 7. HP: 53/57 MP: 6/6
  3151 | D:4      | Noticed Dowan
  3152 | D:4      | Noticed Duvessa
  3167 | D:4      | Killed Dowan
  3169 | D:4      | Killed Duvessa
  3169 | D:4      | Reached skill level 10 in Axes
  3215 | D:4      | Found a sparkling altar of Nemelex Xobeh.
  3337 | D:3      | Killed Ortigal's ghost
  3339 | D:3      | Reached XP level 8. HP: 38/64 MP: 7/7
  3581 | D:4      | Reached skill level 1 in Maces & Flails
  3604 | D:4      | Reached skill level 2 in Maces & Flails
  3642 | D:4      | Found a glowing drain.
  3659 | Sewer    | Entered a sewer
  3721 | Sewer    | Reached **** piety under Trog
  3722 | Sewer    | Reached skill level 3 in Maces & Flails
  3741 | Sewer    | Found a white marble altar of Elyvilon.
  3840 | D:4      | Found an iron altar of Okawaru.
  3840 | D:4      | Found an ornate altar of the Wu Jian Council.
  3845 | D:4      | Found a shadowy altar of Dithmenos.
  3847 | D:4      | Found a bloodstained altar of Trog.
  3848 | D:4      | Found a snail-covered altar of Cheibriados.
  3980 | D:5      | Entered Level 5 of the Dungeon
  3984 | D:5      | Reached skill level 4 in Maces & Flails
  4013 | D:5      | Found an opulent altar of Gozag.
  4128 | D:5      | Reached skill level 5 in Maces & Flails
  4160 | D:5      | Found Biejois's Antique Weapon Boutique.
  4207 | D:5      | Reached skill level 6 in Maces & Flails
  4231 | D:5      | Noticed Pikel
  4239 | D:5      | Killed Pikel
  4239 | D:5      | Reached skill level 8 in Maces & Flails
  4239 | D:5      | Reached XP level 9. HP: 60/70 MP: 8/8
  4244 | D:5      | Gained mutation: Your body sometimes deteriorates upon
                  | taking damage. [potion of mutation]
  4244 | D:5      | Gained mutation: You are resistant to hostile enchantments.
                  | (MR+) [potion of mutation]
  4334 | D:5      | Killed Blork the orc
  4676 | D:6      | Found a blossoming altar of Fedhas.
  4698 | D:6      | Found a staircase to the Ecumenical Temple.
  4726 | D:6      | Reached skill level 9 in Maces & Flails
  5760 | D:8      | Reached skill level 10 in Maces & Flails
  6036 | D:8      | Identified a scroll of acquirement
  6037 | D:8      | Got a pair of ancient gloves
  6043 | D:8      | Identified the +1 pair of gloves "Voapips" {rC+ rN+} (You
                  | acquired it on level 8 of the Dungeon)
  6263 | D:8      | Reached ***** piety under Trog
  6295 | D:8      | Reached skill level 11 in Maces & Flails
  6621 | D:9      | Reached skill level 12 in Maces & Flails
  6628 | D:9      | Reached XP level 10. HP: 57/77 MP: 9/9
  6643 | D:9      | Found a burning altar of Makhleb.
  6643 | D:9      | Found a shimmering altar of Xom.
  6751 | D:9      | Noticed Harold
  6762 | D:9      | Slain by an orc warrior

Levels and vault maps discovered:
D:1:      lightli_arrival_statue_moat, layout_basic
D:2:      layout_basic, chequers_serial_rivers_micro_e, lemuel_blue_sif_altar
D:3:      layout_basic, first_ration, gammafunk_ghost_smash, minmay_cut_off,
          uniq_robin, uniq_sigmund, uniq_grinder
D:4:      layout_basic, nemelex_altar_shiori,
          chequers_temple_overflow_minitemple, cheibrodos_sewer_entry_bend,
          uniq_duvessa
D:5:      layout_rooms, nicolae_gozag_seed_capital, serial_shops,
          nicolae_shop_behind_doors, uniq_blork_the_orc, uniq_pikel
D:6:      layout_rooms, nicolae_overflow_hidden_temple,
          minmay_temple_entry_grid, kennysheep_another_room
D:7:      layout_basic, serial_corexii_hall, chequers_hall_statues_y,
          chequers_hall_statues_corner_a, skrybe_limestone_x
D:8:      layout_loops_cross
D:9:      layout_rooms, grunt_temple_overflow_champion_of_chaos,
          hiddenorc1_lemuel, uniq_harold

Skill      XL: |  1  2  3  4  5  6  7  8  9 |
---------------+----------------------------+-----
Axes           | 4 5 6 8 9 11 | 11.8
Maces & Flails | 8 12 | 12.8
Fighting       | |  3.6
Armour         | |  2.4
Dodging        | |  2.1

Action                   |  1- 3 |  4- 6 |  7- 9 | 10-12 || total
-------------------------+-------+-------+-------+-------++-------
Melee: Hand axe          |    74 |   100 |    43 |       ||   217
       Headbutt          |    11 |    12 |    48 |     5 ||    76
       Great mace        |       |       |   184 |    27 ||   211
Invok: Berserk           |       |     2 |     2 |     1 ||     5
       Trog's Hand       |       |     1 |       |       ||     1
  Use: Potion            |     4 |     2 |     5 |     1 ||    12
       Scroll            |     5 |     2 |     2 |       ||     9
  Eat: Chunk             |     3 |     3 |    13 |       ||    19
       Ration            |       |     1 |       |       ||     1
Armor: Leather armour    |     9 |     5 |       |       ||    14
       Ring mail         |       |     6 |       |       ||     6
       Chain mail        |       |    10 |    89 |    17 ||   116
Dodge: Dodged            |    31 |    43 |    70 |     8 ||   152
